 Dungeon Crawl Stone Soup version 0.28.0-53-g5a82cb258f (webtiles) character file.

Game seed: 16053086987341499549

71 Eitelfritz the Chopper (level 4, -2/40 HPs)
             Began as a Hill Orc Fighter on July 17, 2022.
             Slain by Natasha (7 damage)
             ... on level 2 of the Dungeon.
             The game lasted 00:02:39 (1736 turns).

Eitelfritz the Chopper (Hill Orc Fighter)           Turns: 1736, Time: 00:02:39

Health: -2/40      AC:  7    Str: 20    XL:     4   Next: 24%
Magic:  1/1        EV:  9    Int:  8    God:
Gold:   14         SH:  4    Dex: 10    Spells: 3/3 levels left

rFire   . . .      SeeInvis .   a - +0 war axe (antimagic)
rCold   . . .      Faith    .   c - +0 buckler
rNeg    . . .      Spirit   .   b - +0 scale mail
rPois   .          Reflect  .   (no helmet)
rElec   .          Harm     .   (no cloak)
rCorr   .          Rampage  .   (no gloves)
Will    .....                   (no boots)
Stlth   ..........              (no amulet)
HPRegen 0.13/turn               (no ring)
MPRegen 0.07/turn               (no ring)

@: mighty
A: no striking features
a: no special abilities


You were on level 2 of the Dungeon.
You visited 1 branch of the dungeon, and saw 2 of its levels.

You collected 40 gold pieces.
You spent 26 gold pieces at shops.

Inventory:

Hand Weapons
 a - a +0 antimagic war axe (weapon)
 m - a +0 war axe
Missiles
 e - 108 stones (quivered)
 g - 24 sling bullets
Armour
 b - a +0 scale mail (worn)
 c - a +0 buckler (worn)
Scrolls
 f - a scroll of amnesia {unknown}
 h - 2 scrolls of identify
 k - a scroll of acquirement {unknown}
 l - a scroll of teleportation {unknown}
Potions
 i - a potion of resistance {unknown}
 j - 2 potions of flight {unknown}


   Skills:
 + Level 4.1 Fighting
 + Level 4.2 Axes
 + Level 3.9 Armour
 + Level 0.2 Dodging
 + Level 3.7 Shields


You had 3 spell levels left.
You didn't know any spells.
Your spell library was empty.

Dungeon Overview and Level Annotations

Branches:
Dungeon (2/15)

Altars:
Sif Muna

Shops:
D:2 ?

Annotations:
D:2 Natasha


Message History

The bat is moderately wounded.
The bat barely misses you. The bat closely misses you. x2
You miss the bat.
The bat is moderately wounded.
The bat closely misses you. The bat hits you but does no damage.
Natasha wildly gestures.
Natasha glows brightly for a moment.
You slash the bat!
You kill the bat!
You block the bat's attack.
You have reached level 4!
The bat hits you.
* * * LOW HITPOINT WARNING * * *
You slash the bat!
You kill the bat!
Natasha mumbles some strange words.
The adder bites you but does no damage.
Unknown command.
You slice the adder!!
You kill the adder!
Natasha mumbles some strange words.
You closely miss the goblin. The goblin hits you but does no damage.
You slash the goblin!
You kill the goblin!
Natasha howls an incantation.
You feel troubled.
You closely miss the hobgoblin. The hobgoblin closely misses you.
The orc wizard mumbles some strange words.
The orc wizard flickers and vanishes!
The hobgoblin barely misses you.
You barely miss the hobgoblin. You block the hobgoblin's attack.
You slash the hobgoblin!
You kill the hobgoblin!
Natasha barely misses you.
You barely miss Natasha.
Natasha stares at you and mumbles some strange words.
You resist with some effort.
You hit Natasha.
Natasha's magic leaks into the air.
Natasha is moderately wounded.
Natasha claws you!
You die...

#...#.$$.$# #. #...##(.!'# #
#. #....#'###.+S .. #.
#......##+###r ... ..
#...#.##..##### .... #.
#.....#...[#... ..#..#.
#...).#S...#.#
.......###5....##b.##.#
#....@hg5w.)..####..#
#########...........#
...........................#.
.....................[.......
............................
.>.................###+###.
.###..........(......#
..........#.####.....#
.#####......# ......#.#


You could see a worm, an iron imp (summoned), Natasha (magic disrupted), a
shadow imp (summoned) and a hobgoblin.

Vanquished Creatures
  An adder (D:2)
  3 dart slugs
  3 orcs (D:2)
  4 bats
  9 endoplasms
  A giant cockroach (D:1)
  5 goblins
  6 hobgoblins
  2 jackals (D:1)
  3 kobolds
  A quokka (D:2)
  2 frilled lizards (D:1)
  7 rats
47 creatures vanquished.

Notes
Turn   | Place    | Note
-------+----------+-------------------------------------------
     0 | D:1      | Eitelfritz the Hill Orc Fighter began the quest for the
                  | Orb.
     0 | D:1      | Reached XP level 1. HP: 19/19 MP: 1/1
   142 | D:1      | Reached XP level 2. HP: 27/27 MP: 2/2
   925 | D:1      | Reached XP level 3. HP: 30/33 MP: 3/3
  1291 | D:2      | Found a faded altar of an unknown god.
  1295 | D:2      | Found a shimmering blue altar of Sif Muna.
  1411 | D:2      | Found Jaskin's Magic Scroll Emporium.
  1420 | D:2      | Bought a scroll of identify for 26 gold pieces
  1710 | D:2      | Noticed Natasha
  1727 | D:2      | Reached XP level 4. HP: 4/40 MP: 1/4
  1736 | D:2      | Slain by Natasha

Illustrated notes

Levels and vault maps discovered:
D:1:      dpeg_arrival_morbid_curiosity, layout_basic, serial_rivers,
          chequers_serial_rivers_small_3, chequers_serial_rivers_large_b,
          chequers_serial_rivers_large_a, chequers_serial_rivers_small_3
D:2:      layout_basic, shapermc_ecumenical_altar_starsandcircs, serial_shops,
          shop, basic_altar, chequers_serial_rivers_room_b,
          minmay_joined_circles, uniq_natasha

Skill      XL: |  1  2  3 |
---------------+----------+-----
Axes           | 3 4 |  4.2
Fighting       | 4 |  4.1
Armour         | |  3.9
Dodging        | |  0.2
Shields        | |  3.7

Action                   |  1- 3 |  4- 6 || total
-------------------------+-------+-------++-------
Melee: War axe           |    93 |     9 ||   102
  Use: Potion            |     1 |       ||     1
Armor: Scale mail        |    59 |     2 ||    61
Dodge: Dodged            |    52 |     3 ||    55
Block: Buckler           |    35 |     1 ||    36
